 Dungeon Crawl Stone Soup version 0.27-a0-695-gb4952372f7 (webtiles) character file.

Game seed: 16560130990840569818

22 Xordin the Cutter (level 3, -6/43 HPs)
             Began as a Human Berserker on Mar 21, 2021.
             Was a Follower of Trog.
             Mangled by a worker ant (7 damage)
             ... on level 2 of the Dungeon.
             The game lasted 00:15:59 (1205 turns).

Xordin the Cutter (Human Berserker)                 Turns: 1205, Time: 00:16:00

Health: -6/43      AC:  3    Str: 18    XL:     3   Next: 7%
Magic:  3/3        EV:  7    Int:  7    God:    Trog [*.....]
Gold:   28         SH: 11    Dex: 12    Spells: 2/2 levels left

rFire    . . .     SeeInvis .   a - +0 short sword
rCold    . . .     Faith    .   h - +0 tower shield
rNeg     . . .     Spirit   .   f - +0 leather armour
rPois    .         Reflect  .   (no helmet)
rElec    .         Harm     .   (no cloak)
rCorr    .         Rampage  .   (no gloves)
Will     .....                  (no boots)
Stlth    ..........             (no amulet)
HPRegen  0.14/turn              (no ring)
MPRegen  0.08/turn              (no ring)

@: berserking (expiring), lethally poisoned (-6 -> -11), very quick
A: no striking features
a: Renounce Religion, Berserk


You were on level 2 of the Dungeon.
You worshipped Trog.
Trog was aware of your devotion.
You visited 1 branch of the dungeon, and saw 2 of its levels.

You collected 28 gold pieces.

Inventory:

Hand Weapons
 a - a +0 short sword (weapon)
 c - a +0 club
 e - a +0 club
 i - a +0 short sword
 j - a +0 club
 l - a +0 spear
Missiles
 d - 7 stones
Armour
 b - a +0 animal skin
 f - a +0 leather armour (worn)
 h - a +0 tower shield (worn)
Potions
 g - a potion of mutation {unknown}
 k - a potion of curing {unknown}


   Skills:
 + Level 3.3 Fighting
 + Level 3.4 Short Blades
 + Level 2.1 Armour
 + Level 2.2 Dodging
 + Level 0.2 Shields


You had 2 spell levels left.
You didn't know any spells.
Your spell library was empty.

Dungeon Overview and Level Annotations

Branches:
Dungeon (2/15)

Altars:


Message History

The goblin is moderately wounded.
You block the worker ant's attack. The goblin hits you with a +0 club.
The worker ant bites you.
You puncture the goblin!
You kill the goblin!
Trog accepts your kill.
The bat hits you but does no damage. x2; You block the worker ant's attack. x2
The bat hits you but does no damage.
A red film seems to cover your vision as you go berserk!
You feel yourself moving faster!
You feel mighty! The bat closely misses you.
You completely miss the bat. The bat hits you but does no damage.
You miss the bat. The bat hits you.
You puncture the bat!
You kill the bat!
Trog accepts your kill. You block the bat's attack.
The bat hits you but does no damage. The worker ant bites you!
* * * LOW HITPOINT WARNING * * *
You hit the worker ant.
The worker ant is moderately wounded.
You block the bat's attack. The worker ant bites you!
* * * LOW HITPOINT WARNING * * *
You closely miss the worker ant.
The worker ant is moderately wounded.
You block the bat's attack. You block the worker ant's attack.
You puncture the worker ant!
The worker ant is severely wounded.
The bat hits you but does no damage. The worker ant bites you.
* * * LOW HITPOINT WARNING * * *
You are lethally poisoned!
The worker ant poisons you!
You closely miss the worker ant.
The worker ant is severely wounded.
* * * LOW HITPOINT WARNING * * *
You feel sick. The bat hits you.
* * * LOW HITPOINT WARNING * * *
The worker ant bites you.
* * * LOW HITPOINT WARNING * * *
The worker ant bites you!
You die...

.......#................#
...........##.######...##
........#####.# #..###
#..###### #.# #.## ...#
#.# #.# ##.# #.# ##.# #.#
..# #..# >.# ###.#####.##
#.. ..>...B@..#
.......#### .....b.
....... ....... .......
...#.=# .#.##.


You could see a worker ant and a bat.

Vanquished Creatures
  A dart slug (D:1)
  A leopard gecko (D:1)
  3 goblins
  7 hobgoblins (D:1)
  2 bats
  A frilled lizard (D:1)
  2 kobolds (D:1)
17 creatures vanquished.

Notes
Turn   | Place    | Note
-------+----------+-------------------------------------------
     0 | D:1      | Xordin the Human Berserker began the quest for the Orb.
     0 | D:1      | Reached XP level 1. HP: 18/18 MP: 1/1
   537 | D:1      | Reached XP level 2. HP: 18/24 MP: 2/2
  1119 | D:1      | Reached XP level 3. HP: 21/29 MP: 3/3
  1205 | D:2      | HP: 2/43 [bat (1)]
  1205 | D:2      | Mangled by a worker ant

Illustrated notes

Levels and vault maps discovered:
D:1:      lightli_arrival_statue_moat, layout_loops_cross, st_stairs_7
D:2:      layout_rooms, wander_ebering_terrifying_dragon_lair

Action                   || total
-------------------------++-------
Melee: Short sword       ||    62
Invok: Berserk           ||     3
  Use: Potion            ||     1
Armor: Leather armour    ||    20
Dodge: Dodged            ||    36
Block: Tower shield      ||    42

Table legend: (Time is in decaauts)
 A = Elapsed time spent in this place.
 B = Non-inter-level travel time spent in this place.
 C = Inter-level travel time spent in this place.
 D = Time resting spent in this place.
 E = Time spent auto-exploring this place.
 F = Levels seen in this place.
 G = Mean time per level.
                   A        B        C        D        E       F      G
               +--------+--------+--------+--------+--------+-----+--------+
         Total |   1236 |   1196 |     40 |    415 |      0 |   2 |  618.0 |
       Dungeon |   1236 |   1196 |     40 |    415 |      0 |   2 |  618.0 |
               +--------+--------+--------+--------+--------+-----+--------+

Top non-repeatable levels by time:
     D:1: 1176 daAuts
     D:2: 60 daAuts
